[Event "GER-ch Youth-ODJM 2022"]
[Site "Willingen"]
[Date "2022.06.05"]
[Round "2.3"]
[White "Lerner, David B"]
[Black "Roth, Jonas"]
[Result "0-1"]
[ECO "C15"]
[WhiteElo "2125"]
[BlackElo "1239"]
[Annotator "TA"]
[PlyCount "73"]
[EventDate "2022.06.05"]
[EventType "swiss"]
[EventRounds "9"]
[EventCountry "GER"]
[SourceTitle "playchess.com"]
[Source "ChessBase"]
[SourceQuality "1"]
[TimeControl "40/4500+30:900+30"]

1. e4 e6 2. d4 d5 3. Nc3 Bb4 4. Bd3 Ne7 5. Nf3 O-O 6. O-O c6 (6... h6 $14) 7. e5 $16 {[%emt 0:00:00][%cal Od3h7] B15: Caro-Kann: 3 Nc3: 3...g6 and 3...dxe4 4 Nxe4 Nf6 5 Nxf6+ exf6.} Nd7 $2 {[%emt 0:00:00][%mdl 8192] [#]} (7... f5 $16 {is more resistant.}) 8. Ne2 $2 {[%emt 0:00:00] [#]} (8. Bxh7+ $1 $18 {[%mdl 512] and the rest is easy.} Kh8 9. Ng5) 8... f6 $146 (8... Nf5 $16) ({Predecessor:} 8... c5 9. c3 Ba5 10. Be3 c4 11. Bc2 b5 12. Nf4 Ba6 13. a3 Qb6 14. Ng5 g6 15. Qg4 h5 16. Qh3 Kg7 17. Nxh5+ gxh5 18. Qxh5 Rh8 19. Qxf7+ Kh6 20. Nf3# {1-0 (20) Strouhalova,L (1398)-Zpevakova,K (1100) Sec u Chrudimi 2008}) 9. Ng3 $2 (9. Nf4 $18 {is more deadly.} Qe8 10. Nxe6 Nxe5 11. Bxh7+ (11. Nxf8 Nxd3 12. Qxd3 Qxf8 $16) 11... Kxh7 12. Nxf8+ Qxf8 13. dxe5) 9... Qe8 (9... fxe5 $2 10. Ng5 e4 11. Nxe6 $18) 10. c3 Ba5 11. Qc2 ({White should try} 11. exf6 $16 Nxf6 12. Bf4) 11... h6 (11... fxe5 $1 $14 12. Bxh7+ (12. Nxe5 Nxe5 13. dxe5 Ng6 $14) 12... Kh8) 12. h3 (12. exf6 $16 Rxf6 13. Bd2) 12... fxe5 13. dxe5 {[%emt 0:01:10] [#]} (13. Nxe5 $14 {was the only good move.} Nxe5 14. dxe5) 13... a6 (13... Rxf3 $1 $17 14. gxf3 Nxe5) 14. Be3 {[%emt 0:01:26] [#]} (14. Qe2 $1 $14) 14... b5 (14... Rxf3 $1 $15 15. gxf3 Nxe5) 15. a3 {[%emt 0:04:08] [#]} (15. Nh4 $14 {keeps the upper hand.}) 15... Bc7 (15... Rxf3 $1 $17 16. gxf3 Nxe5) 16. Rfe1 {[%emt 0:02:06] [#]} (16. Qe2 $11) 16... Nxe5 (16... Rxf3 $1 $17 17. gxf3 Nxe5) 17. Nxe5 $11 Bxe5 18. Rf1 (18. Bc5 $11 {keeps the balance.} Bb8 19. Nf5 $1 Nxf5 20. Bxf5) 18... Bd6 $1 $17 19. b4 Bd7 (19... e5 $142 {Strongly threatening ...e4.} 20. Rfd1 Kh8) 20. Rae1 ({Better is} 20. f4) 20... Qb8 21. Bd2 (21. Qc1 $17) 21... Bxg3 22. fxg3 Qxg3 23. Re3 (23. Qb1 $17) 23... Rxf1+ $19 24. Bxf1 Qh4 (24... Qc7 $19 25. Qc1 Qb6) 25. Be1 {[%emt 0:03:33] [#]} (25. Bd3 $17 {was called for.}) 25... Qf4 (25... Qg5 $1 $19 26. Rg3 Qe5) 26. Rf3 {[%emt 0:01:07] [#]} (26. Qe2 $17) 26... Qe5 (26... Qd6 $1 $19 {has better winning chances.} 27. Bg3 e5) 27. Bf2 Rf8 28. Rg3 (28. Bg3 $17 Qg5 29. Rxf8+ Kxf8 30. Qf2+ Nf5 31. Be5) 28... Nf5 29. Rf3 Be8 (29... Qf6 $142 30. Bc5 Rf7) 30. Bd3 $17 Rf7 31. g4 (31. Qd1 $15) 31... Ne7 32. Re3 Qd6 (32... Qg5 $17 {White must now prevent ...e5.} 33. Rxe6 (33. Bh7+ $2 Kh8 $19) 33... Bd7) 33. Bg3 {[%emt 0:02:12] Inhibits e5.} Qd7 34. Re5 $2 (34. Be5 $11 {and White stays safe.}) 34... Rf6 35. h4 $2 (35. Re3 $17) 35... Bg6 $19 36. Bxg6 Rxg6 37. g5 $2 {Weighted Error Value: White=0.95/Black=0.78} (37. Qd1 {is a better defense.}) 0-1

[Event "GER-ch Youth-ODJM 2022"]
[Site "Willingen"]
[Date "2022.06.05"]
[Round "2.4"]
[White "Werner, Florin"]
[Black "Ermert, Karl Hans Ragnar"]
[Result "1-0"]
[ECO "C06"]
[WhiteElo "1609"]
[BlackElo "1662"]
[Annotator "NA RC COMBH"]
[PlyCount "105"]
[EventDate "2022.06.05"]
[EventType "swiss"]
[EventRounds "9"]
[EventCountry "GER"]
[SourceTitle "playchess.com"]
[Source "ChessBase"]
[SourceQuality "1"]
[TimeControl "40/4500+30:900+30"]

1. e4 e6 2. d4 d5 3. Nd2 Nf6 4. e5 Nfd7 5. Bd3 c5 6. c3 Nc6 7. Ne2 cxd4 8. cxd4 f6 9. exf6 Nxf6 10. Nf3 Bd6 11. O-O Qc7 12. g3 O-O 13. Bf4 e5 14. dxe5 Nxe5 15. Nxe5 Bxe5 16. Rc1 Qd6 17. Qd2 Bg4 18. Bxe5 Qxe5 19. Nf4 Ne4 20. Bxe4 dxe4 21. Qe3 Bf3 22. Ng2 Qf5 23. Rc5 Qh3 24. Nh4 Rf6 25. Qb3+ Kh8 26. Qxb7 Rg8 27. Rfc1 Rd6 28. Nxf3 exf3 29. Qxf3 Rgd8 30. Rf5 Kg8 31. Rf4 Rh6 32. Qg2 Qxg2+ 33. Kxg2 Ra6 34. a4 Rb6 35. b4 Rdb8 36. b5 a6 37. bxa6 Rxa6 38. Ra1 Rba8 39. h4 Ra5 40. g4 g6 41. Kg3 Kg7 42. Rb4 R8a7 43. g5 Kf7 44. f4 Kg7 45. Kg4 Kf7 46. h5 Kg7 47. h6+ Kf7 48. Kf3 Ke6 49. Re1+ Kf7 50. Ree4 Rd5 51. Ke3 Rc7 52. Rb6 Re7 53. Rxe7+ 1-0

[Event "GER-ch Youth-ODJM 2022"]
[Site "Willingen"]
[Date "2022.06.05"]
[Round "2.4"]
[White "Pac, Maksym"]
[Black "Peglau, Lorena"]
[Result "0-1"]
[ECO "A40"]
[WhiteElo "1033"]
[BlackElo "1224"]
[Annotator "NA RC COMBH"]
[PlyCount "48"]
[EventDate "2022.06.05"]
[EventType "swiss"]
[EventRounds "9"]
[EventCountry "GER"]
[SourceTitle "playchess.com"]
[Source "ChessBase"]
[SourceQuality "1"]
[TimeControl "40/4500+30:900+30"]

1. d4 e6 2. Nc3 d5 3. Bf4 Nf6 4. e3 c5 5. Nb5 Na6 6. dxc5 Bxc5 7. Bd3 O-O 8. g4 h6 9. h4 Qa5+ 10. c3 Qb6 11. g5 Ne4 12. gxh6 Bd7 13. Bxe4 Qxb5 14. hxg7 Rfc8 15. Bh7+ Kxg7 16. Qh5 Kf8 17. Qh6+ Ke7 18. Qg5+ Ke8 19. Qg8+ Ke7 20. Qg5+ Ke8 21. Qh5 Qxb2 22. Bg8 Qxa1+ 23. Ke2 Bb5+ 24. Kf3 Qd1+ 0-1

[Event "GER-ch Youth-ODJM 2022"]
[Site "Willingen"]
[Date "2022.06.05"]
[Round "2.5"]
[White "Schilay, Vinzenz"]
[Black "Hildebrand, Azat"]
[Result "0-1"]
[ECO "B23"]
[WhiteElo "1003"]
[BlackElo "1190"]
[Annotator "NA RC COMBH"]
[PlyCount "118"]
[EventDate "2022.06.05"]
[EventType "swiss"]
[EventRounds "9"]
[EventCountry "GER"]
[SourceTitle "playchess.com"]
[Source "ChessBase"]
[SourceQuality "1"]
[TimeControl "40/4500+30:900+30"]

1. e4 c5 2. Nc3 e6 3. g3 a6 4. Bg2 Qc7 5. d3 b5 6. Bf4 d6 7. Qd2 Nf6 8. e5 dxe5 9. Bxa8 exf4 10. Qxf4 Bd6 11. Qg5 O-O 12. Be4 Nxe4 13. Nxe4 Be7 14. Qf4 Qxf4 15. gxf4 Bb7 16. f3 Nd7 17. O-O-O Nf6 18. Nh3 Nxe4 19. fxe4 Bd6 20. Rhg1 e5 21. f5 Be7 22. Rdf1 Kh8 23. Nf2 Rd8 24. Rg4 h6 25. Rg2 Bg5+ 26. Kb1 c4 27. Ng4 f6 28. Nf2 Be3 29. Rd1 Bxf2 30. Rxf2 Bxe4 31. Rdd2 cxd3 32. cxd3 Rxd3 33. Rxd3 Bxd3+ 34. Kc1 e4 35. Kd2 Kh7 36. Rg2 Bb1 37. a3 e3+ 38. Kxe3 Bxf5 39. Rc2 Bxc2 40. Kd4 f5 41. Kc5 f4 42. Kb6 f3 43. Kxa6 f2 44. Kxb5 f1=Q+ 45. Kb4 Qd3 46. h4 Qd4+ 47. Kb5 Qxb2+ 48. Kc4 Qxa3 49. h5 Qd3+ 50. Kb4 Bd1 51. Kc5 Kg8 52. Kb4 Qc2 53. Kb5 Be2+ 54. Kb4 Qc4+ 55. Ka3 Qb5 56. Ka2 Qb4 57. Ka1 Bd3 58. Ka2 Kf7 59. Ka1 Qb1# 0-1

[Event "GER-ch Youth-ODJM 2022"]
[Site "Willingen"]
[Date "2022.06.05"]
[Round "2.7"]
[White "Tryfon, Konstantin"]
[Black "Masur, Maxim"]
[Result "0-1"]
[ECO "A20"]
[WhiteElo "1634"]
[BlackElo "1428"]
[Annotator "NA RC COMBH"]
[PlyCount "58"]
[EventDate "2022.06.05"]
[EventType "swiss"]
[EventRounds "9"]
[EventCountry "GER"]
[SourceTitle "playchess.com"]
[Source "ChessBase"]
[SourceQuality "1"]
[TimeControl "40/4500+30:900+30"]

1. c4 e5 2. g3 Bc5 3. Bg2 Nf6 4. e4 d6 5. Ne2 Nc6 6. O-O Be6 7. d3 Qd7 8. Nbc3 h5 9. Nd5 h4 10. gxh4 Bh3 11. Bg5 Nxd5 12. exd5 Bxg2 13. Kxg2 f6 14. dxc6 Qxc6+ 15. f3 fxg5 16. hxg5 Qd7 17. h4 Rxh4 18. Rh1 Rxh1 19. Qxh1 O-O-O 20. Qh3 Be3 21. Qg3 Qf5 22. Qg4 Qxg4+ 23. fxg4 Bxg5 24. Rf1 c6 25. Nc3 Kc7 26. Ne4 Bf4 27. c5 d5 28. Nc3 Be3 29. b4 Bd2 0-1

[Event "GER-ch Youth-ODJM 2022"]
[Site "Willingen"]
[Date "2022.06.05"]
[Round "2.8"]
[White "Moissl, Felix"]
[Black "Stepanjan, Tatevik Mia"]
[Result "1-0"]
[ECO "B22"]
[WhiteElo "928"]
[BlackElo "1057"]
[Annotator "NA RC COMBH"]
[PlyCount "61"]
[EventDate "2022.06.05"]
[EventType "swiss"]
[EventRounds "9"]
[EventCountry "GER"]
[SourceTitle "playchess.com"]
[Source "ChessBase"]
[SourceQuality "1"]
[TimeControl "40/4500+30:900+30"]

1. e4 c5 2. c3 Nc6 3. d4 e6 4. Nf3 d6 5. Bb5 Bd7 6. O-O Nf6 7. Re1 a6 8. Bxc6 Bxc6 9. d5 Bd7 10. Bg5 Be7 11. Nbd2 O-O 12. Qc2 Re8 13. a3 exd5 14. exd5 Nxd5 15. Bxe7 Rxe7 16. Rxe7 Qxe7 17. Re1 Qf6 18. Qb3 Be6 19. Qxb7 Qd8 20. Ng5 Rb8 21. Nxe6 fxe6 22. Qxa6 Rxb2 23. Nc4 Ra2 24. Nxd6 Qf8 25. f3 Rb2 26. Nc4 Rc2 27. Qxe6+ Qf7 28. Qc8+ Qf8 29. Re8 Rc1+ 30. Kf2 Rc2+ 31. Kg3 1-0

[Event "GER-ch Youth-ODJM 2022"]
[Site "Willingen"]
[Date "2022.06.05"]
[Round "2.9"]
[White "Laux, Filip"]
[Black "Abou Wally, Adrian"]
[Result "1/2-1/2"]
[ECO "C54"]
[WhiteElo "1395"]
[BlackElo "1601"]
[Annotator "NA RC COMBH"]
[PlyCount "129"]
[EventDate "2022.06.05"]
[EventType "swiss"]
[EventRounds "9"]
[EventCountry "GER"]
[SourceTitle "playchess.com"]
[Source "ChessBase"]
[SourceQuality "1"]
[TimeControl "40/4500+30:900+30"]

1. e4 e5 2. Nf3 Nc6 3. Bc4 Bc5 4. c3 Nf6 5. d3 d6 6. Bb3 a6 7. Nbd2 Ba7 8. O-O O-O 9. h3 h6 10. Re1 Be6 11. Nf1 Re8 12. Ng3 Qd7 13. Be3 Bxe3 14. Rxe3 d5 15. exd5 Bxd5 16. Bxd5 Qxd5 17. Qc2 Rad8 18. Nd2 Nd7 19. Qb3 Nb6 20. Rd1 Qxb3 21. Nxb3 Nd5 22. Re2 Nf4 23. Red2 Ne6 24. Ne4 b6 25. a4 Rd5 26. Na1 Red8 27. f3 Nf4 28. Nf2 Na5 29. b3 c5 30. g3 Ne6 31. Ne4 f5 32. Nf2 Ng5 33. Kg2 e4 34. fxe4 fxe4 35. Re2 exd3 36. Red2 c4 37. bxc4 Nxc4 38. Rxd3 Rxd3 39. Rxd3 Rxd3 40. Nxd3 Ne4 41. Nb4 Nxc3 42. Nxa6 Nxa4 43. Nc2 Nc3 44. Nab4 Kf7 45. Kf3 Kf6 46. h4 b5 47. Kf4 Nd2 48. Ke3 Nde4 49. g4 Ke5 50. Nc6+ Kf6 51. N6d4 Nd6 52. Kd3 Nd5 53. Nc6 Ke6 54. Kd4 Nf4 55. Ne3 Ng6 56. Ng2 Ne7 57. Nf4+ Kf7 58. Ne5+ Kf8 59. Ne6+ Kg8 60. Kc5 Nec8 61. Nc7 Kf8 62. Nxb5 Nxb5 63. Kxb5 Ke7 64. Kc5 Ke6 65. Kd4 1/2-1/2

[Event "GER-ch Youth-ODJM 2022"]
[Site "Willingen"]
[Date "2022.06.05"]
[Round "2.10"]
[White "Keuper, David"]
[Black "Hoffmann, Alexander"]
[Result "0-1"]
[ECO "A46"]
[WhiteElo "1243"]
[BlackElo "2404"]
[Annotator "TA"]
[PlyCount "70"]
[EventDate "2022.06.05"]
[EventType "swiss"]
[EventRounds "9"]
[EventCountry "GER"]
[SourceTitle "playchess.com"]
[Source "ChessBase"]
[SourceQuality "1"]
[TimeControl "40/4500+30:900+30"]

1. d4 Nf6 2. Nf3 e6 3. e3 b6 4. Bd3 Bb7 5. b3 c5 6. Bb2 {[%emt 0:00:00] A47: 1 d4 Nf6 2 Nf3 b6: Torre, London and Colle Systems.} Nc6 7. a3 d5 8. O-O {[%emt 0:00:00] The position is equal.} Bd6 9. Ne5 Qc7 10. f4 {[%emt 0:00:00][%cal Bf2f4,Bf4e5][%mdl 32] [#]} O-O-O $146 (10... Be7 $11 {remains equal.}) ({Predecessor:} 10... Ne4 11. Nd2 Nxd2 12. Qxd2 f6 13. Nxc6 Bxc6 14. Rf3 O-O-O 15. Rc1 g5 16. dxc5 Bxc5 {1-0 (56) Milivojevic,J (1886)-Kurcubic,D (2126) Sombor 2018}) 11. Qe2 (11. Nc3 $5 ) 11... Kb8 (11... cxd4 $14 12. exd4 Ne4) 12. Nc3 $1 $16 Qe7 13. Nb5 Bxe5 14. fxe5 Ne8 (14... Ne4 $2 15. Bxe4 dxe4 16. dxc5 $18) 15. Bc1 (15. a4 $16) 15... cxd4 (15... f6 $14) 16. exd4 a6 17. Nc3 Nxd4 {[%emt 0:01:11] [#]} (17... f6 $16 {was worth a try.}) 18. Qf2 $1 $18 ({Inferior is} 18. Qe3 Nxc2 19. Bxc2 d4 $11) 18... Nc6 (18... Qc5 $2 19. Na4 Nf3+ 20. gxf3 $18) 19. Qxb6 Nxe5 20. Bxa6 Qc7 21. Qb4 {[%emt 0:10:29] Black must now prevent Bf4.} f6 22. Be3 {[%emt 0:05:41] This bishop pair is nice.} (22. Na4 $18 {Nc5 is the strong threat.} Nd6 23. Bf4) 22... Nc6 $14 23. Qb5 {[%emt 0:04:48][%mdl 8192] [#] Loses the game.} (23. Qxb7+ $1 $14 {keeps the upper hand.} Qxb7 24. Bxb7 Kxb7 25. Bc5) 23... d4 $1 $19 {[%emt 0:02:17] The board is on fire.} 24. Bxb7 Qxb7 25. Bf2 dxc3 26. Qc4 Nc7 27. Bg3 e5 28. Qxc3 Nd4 {[%emt 0:01:13] Hoping for ...Ne2+.} 29. Rfe1 {[%emt 0:01:00] Inhibits Ne2+.} Nce6 {[%emt 0:01:11] Black is clearly winning.} 30. Kf1 (30. Qd3 $142) 30... Rc8 31. Qa5 Nxc2 32. Bxe5+ Nc7 33. Rec1 Nxa1 34. Rc4 Nxb3 35. Qa4 Nd2+ {[%emt 0:00:16] Weighted Error Value: White=0.92/Black=0.32} 0-1

[Event "GER-ch Youth-ODJM 2022"]
[Site "Willingen"]
[Date "2022.06.05"]
[Round "2.11"]
[White "Maul, Maik Joel"]
[Black "Schaudienst, Arvid"]
[Result "1-0"]
[ECO "B07"]
[WhiteElo "1532"]
[BlackElo "1411"]
[Annotator "NA RC COMBH"]
[PlyCount "43"]
[EventDate "2022.06.05"]
[EventType "swiss"]
[EventRounds "9"]
[EventCountry "GER"]
[SourceTitle "playchess.com"]
[Source "ChessBase"]
[SourceQuality "1"]
[TimeControl "40/4500+30:900+30"]

1. d4 Nf6 2. Nc3 d6 3. e4 g6 4. Be3 Bg7 5. f3 O-O 6. Qd2 Nbd7 7. O-O-O Nb6 8. Bh6 Bd7 9. h4 Rc8 10. h5 Bh8 11. Bxf8 Qxf8 12. hxg6 fxg6 13. e5 Nh5 14. Qg5 Bg7 15. Kb1 Nf4 16. g3 Nh5 17. Bd3 Qf7 18. f4 Bc6 19. Be4 Bxe4 20. Nxe4 Qd5 21. Re1 Qxd4 22. Nf3 1-0

[Event "GER-ch Youth-ODJM 2022"]
[Site "Willingen"]
[Date "2022.06.05"]
[Round "2.12"]
[White "Kroemer, Emanuel"]
[Black "Borgert, Alexander"]
[Result "1-0"]
[ECO "D05"]
[WhiteElo "1415"]
[BlackElo "1468"]
[Annotator "NA RC COMBH"]
[PlyCount "81"]
[EventDate "2022.06.05"]
[EventType "swiss"]
[EventRounds "9"]
[EventCountry "GER"]
[SourceTitle "playchess.com"]
[Source "ChessBase"]
[SourceQuality "1"]
[TimeControl "40/4500+30:900+30"]

1. d4 d5 2. Nf3 Nf6 3. e3 e6 4. Bd3 c5 5. b3 Nc6 6. Bb2 cxd4 7. exd4 Bd6 8. O-O O-O 9. Nbd2 Re8 10. Ne5 Qc7 11. f4 Bxe5 12. fxe5 Nd7 13. Rf4 Nf8 14. Rh4 Ng6 15. Qh5 h6 16. Bxg6 fxg6 17. Qxg6 Qf7 18. Rxh6 Qxg6 19. Rxg6 Nb4 20. c4 dxc4 21. Nxc4 Nd3 22. Ba3 Rd8 23. Nd6 Nf4 24. Rg4 Nd5 25. Rc1 a5 26. h4 a4 27. b4 b6 28. Kf2 Bd7 29. h5 Rf8+ 30. Kg3 Ne3 31. Rf4 Rxf4 32. Kxf4 Nxg2+ 33. Kf3 Nh4+ 34. Kg3 Nf5+ 35. Nxf5 exf5 36. d5 Rc8 37. Kf4 Rxc1 38. Bxc1 Kf8 39. e6 Bc8 40. Kxf5 Ke7 41. Ke4 1-0

[Event "GER-ch Youth-ODJM 2022"]
[Site "Willingen"]
[Date "2022.06.05"]
[Round "2.13"]
[White "Garbuz, Nicole"]
[Black "Gerlach, Felix"]
[Result "0-1"]
[ECO "C54"]
[WhiteElo "1824"]
[BlackElo "2072"]
[Annotator "TA"]
[PlyCount "34"]
[EventDate "2022.06.05"]
[EventType "swiss"]
[EventRounds "9"]
[EventCountry "GER"]
[SourceTitle "playchess.com"]
[Source "ChessBase"]
[SourceQuality "1"]
[TimeControl "40/4500+30:900+30"]

1. e4 e5 2. Nf3 Nc6 3. Bc4 Bc5 4. c3 Nf6 5. d3 d6 6. Bb3 a6 7. Nbd2 h6 {[%emt 0:00:00] C54: Giuoco Piano: 4 c3 Nf6, main lines with 5 d4 and 5 d3.} 8. O-O Ba7 9. h3 g5 {[%emt 0:00:00] The position is equal.} 10. Nc4 (10. d4 $5) 10... g4 11. hxg4 Bxg4 12. Ne3 {[%emt 0:05:37] [#]} (12. Be3 $11) 12... Bh5 $146 (12... Bxe3 $15 13. fxe3 (13. Bxe3 Qd7 $11) 13... Rg8) ({Predecessor:} 12... h5 13. Nf5 Qd7 14. Bg5 Nh7 15. Bh4 Rg8 16. d4 Ng5 17. Nxg5 Bxd1 18. Bxf7+ Kf8 {1-0 (29) Indjic,A (2623)-Abdusattorov,N (2633) Warsaw 2021}) 13. Nf5 $14 Rh7 {[%emt 0:24:00] Prevents Ng7+.} 14. Bxh6 $2 {[%emt 0:08:58] [#]} (14. Ba4 $16 {keeps the pressure on.}) 14... Kd7 $1 $17 {[%emt 0:03:01] aiming for ...Qh8.} 15. Re1 $2 (15. Be3 $17) 15... Qh8 $19 {[%emt 0:04:31] Strongly threatening ...Bg4.} 16. Qd2 $2 (16. d4) 16... Bxf3 17. gxf3 Ng8 {[%emt 0:01:20] Weighted Error Value: White=0.98/Black=0.11 (very precise)} 0-1

[Event "GER-ch Youth-ODJM 2022"]
[Site "Willingen"]
[Date "2022.06.05"]
[Round "2.14"]
[White "Schmitt, Daniel"]
[Black "Fock, Amina"]
[Result "1-0"]
[ECO "B52"]
[WhiteElo "2141"]
[BlackElo "1790"]
[Annotator "TA"]
[PlyCount "47"]
[EventDate "2022.06.05"]
[EventType "swiss"]
[EventRounds "9"]
[EventCountry "GER"]
[SourceTitle "playchess.com"]
[Source "ChessBase"]
[SourceQuality "1"]
[TimeControl "40/4500+30:900+30"]

1. e4 c5 2. Nf3 d6 3. Bb5+ Bd7 4. Bxd7+ Qxd7 5. O-O Nc6 6. c3 Nf6 7. Qe2 e5 8. Rd1 {[%emt 0:00:00] B52: Sicilian: Moscow Variation with 3...Bd7.} Qc7 (8... Be7 $11) 9. Na3 a6 10. d4 {[%emt 0:00:00] [#] White is better.} Nd7 $146 ({Predecessor:} 10... Be7 11. d5 Nb8 12. Nc4 Nbd7 13. a4 b6 14. h3 O-O 15. Nh2 b5 16. Ne3 c4 {0-1 (39) Braun,M (2071)-Ruzicka,V (2043) Kouty nad Desnou 2009}) 11. Nc4 Be7 12. Ne3 b5 13. a4 b4 (13... O-O $16 {keeps fighting.} 14. axb5 axb5 15. Rxa8 Rxa8) 14. Nd5 (14. Nf5 $18) 14... Qb7 $16 15. dxe5 dxe5 16. Nd2 Rd8 17. Nc4 O-O 18. Be3 Rfe8 19. Qg4 Bf8 20. Bg5 Rb8 21. h4 {[%emt 0:07:26][%cal Bh2h4,Bh4h5][%mdl 32] White is much more active.} Re6 {[%emt 0:04:33] [#]} 22. h5 $1 h6 {[%emt 0:01:26] [#]} 23. Bh4 Na7 (23... a5 $16 24. Rd2 Qa7) 24. Rd3 {[%emt 0:02:42] Weighted Error Value: White=0.05 (flawless) /Black=0.22 (precise)} 1-0

[Event "GER-ch Youth-ODJM 2022"]
[Site "Willingen"]
[Date "2022.06.05"]
[Round "2.15"]
[White "Weigand, Anton"]
[Black "Hofmann, Lorenz"]
[Result "1-0"]
[ECO "B10"]
[WhiteElo "1866"]
[BlackElo "2056"]
[Annotator "TA"]
[PlyCount "93"]
[EventDate "2022.06.05"]
[EventType "swiss"]
[EventRounds "9"]
[EventCountry "GER"]
[SourceTitle "playchess.com"]
[Source "ChessBase"]
[SourceQuality "1"]
[TimeControl "40/4500+30:900+30"]

1. e4 c6 2. Nf3 d5 3. d3 Bg4 4. h3 Bh5 5. g4 Bg6 6. h4 {[%emt 0:00:00] aiming for h5. B10: Caro-Kann: 2 d3 and 2 c4.} dxe4 {[%emt 0:00:00] Threatening ...h5.} 7. h5 Bxh5 8. Rxh5 {[%emt 0:00:00] The position is equal.} (8. Nh4 $5 Bg6 9. Nc3 $11) 8... exf3 {[%emt 0:00:00] [#]} 9. g5 $146 {[%emt 0:00:00] Against Nf6} ({Predecessor:} 9. Qxf3 g6 10. Rh3 Bg7 11. Nc3 Nf6 12. g5 Nd5 13. Ne4 Nd7 14. c3 Qb6 15. d4 {1-0 (33) Savitskiy,S (2421)-Zhigalko,A (2519) Cheliabinsk 2022}) 9... g6 10. Rh4 h5 ({But not} 10... Qd5 11. Nc3 Qe5+ 12. Be3 $14) 11. Qxf3 e6 12. Nc3 Ne7 13. Rb4 Qd7 (13... Nf5 $17 {and life is bright.} 14. Rxb7 Qc8) 14. Ne4 $1 $16 {[%emt 0:02:44][%mdl 1024] White has strong compensation. 0x0.0022fa351869dp-1022s more active pieces.} ({Inferior is} 14. Qf6 Rh7 15. Ne4 Nf5 $17) 14... Nd5 15. Rb3 {[%emt 0:01:45] Strongly threatening c4.} Be7 16. c4 $1 Nb6 (16... Bb4+ $2 17. Rxb4 $1 Nxb4 18. Nf6+ Ke7 19. Nxd7 $18) 17. Bf4 Na6 (17... Qd4 $16) 18. Be5 $18 Rh7 19. Nf6+ (19. d4 $16) 19... Bxf6 $14 20. Bxf6 Nc5 21. Rc3 Qc7 22. O-O-O Ncd7 23. Bd4 O-O-O 24. b4 (24. Ra3 $11) 24... c5 ({Better is} 24... Qd6 $17 25. Qe3 Qxb4) 25. bxc5 $11 Nxc5 26. Bf6 Re8 27. Bg2 e5 (27... Kb8 $11 {keeps the balance.}) 28. d4 $16 {White now steadily converts the win.} exd4 29. Bxd4 {[%emt 0:08:35] Really sharp!} Nba4 {[%emt 0:00:59] [#]} (29... Nbd7 $16) 30. Rc2 (30. Re3 $1 $18 Rxe3 31. fxe3) 30... h4 $2 {[%emt 0:05:00][%mdl 8192] [#]} (30... a6 $16) 31. Bh3+ $1 $18 {[%emt 0:03:37] A strong pair of Bishops.} ({Weaker is} 31. Bxc5 Nxc5 32. Rcd2 Rhh8 $15) 31... Ne6 32. Qa3 Qc6 (32... Qa5 $142 33. Rb2 Qxg5+ 34. Rbd2 Qa5) 33. Be5 {[%emt 0:03:36] Hoping for f4.} Rd8 34. Bxe6+ Qxe6 35. Rxd8+ {[%emt 0:00:16][%mdl 64] Remove Defender} Kxd8 36. Bf6+ (36. Rd2+ $142 Ke8 37. Qxa4+ b5 38. Qxb5+ Ke7 39. Qb7+ Kf8 40. Rd8+ Qe8 41. Qb4+ Kg8 42. Rxe8#) 36... Kc7 37. Qxa4 {[%emt 0:00:25] White wants to mate with Rd2.} h3 38. Qa5+ Kc6 39. Qb5+ Kc7 40. Qa5+ (40. Rd2 $142 Qe1+ 41. Kc2 Qe4+ 42. Kb2 b6 43. Be5+ Qxe5+ 44. Qxe5+ Kc8 45. Qe8+ Kb7 46. Rd7+ Ka6 47. Qe5 Rh5 48. Qb5#) 40... Kc6 $1 41. Qb5+ (41. Kb2 $18 b6 42. Qxa7) 41... Kc7 42. Be5+ {[%emt 0:00:00] White mates.} Kc8 43. Qc5+ Kd7 44. Rd2+ Ke8 45. Qc7 Qe7 46. Qc8+ Qd8 47. Qxd8# {Weighted Error Value: White=0.55/Black=0.89} 1-0

[Event "GER-ch Youth-ODJM 2022"]
[Site "Willingen"]
[Date "2022.06.05"]
[Round "2.16"]
[White "Irkilmez, Yakub"]
[Black "Kruse, Victor"]
[Result "1-0"]
[ECO "D02"]
[WhiteElo "2169"]
[BlackElo "1733"]
[Annotator "TA"]
[PlyCount "69"]
[EventDate "2022.06.05"]
[EventType "swiss"]
[EventRounds "9"]
[EventCountry "GER"]
[SourceTitle "playchess.com"]
[Source "ChessBase"]
[SourceQuality "1"]
[TimeControl "40/4500+30:900+30"]

1. d4 d5 2. Nf3 Nf6 3. g3 e6 4. Bg2 Be7 5. c4 O-O 6. O-O c6 7. Nc3 b6 8. b3 Ba6 {[%emt 0:00:00] E06: Closed Catalan: Early deviations.} 9. cxd5 cxd5 10. Bb2 Nc6 {[%emt 0:00:00] The position is equal.} 11. Rc1 Rc8 12. Re1 Bb4 13. a3 {[%emt 0:00:00] [#]} Bxc3 $146 ({Predecessor:} 13... Bd6 14. e4 dxe4 15. Nxe4 Nxe4 16. Rxe4 Ne7 17. Re1 Bb7 18. Ne5 Rxc1 19. Qxc1 Bxg2 20. Kxg2 {0-1 (55) Doroy Allaney Jia,G (1745)-Marimla,E (2013) Olongapo City 2015}) 14. Rxc3 Ne4 15. Rc2 Na5 (15... Qf6 $15) 16. Ne5 Nd6 17. a4 Rxc2 18. Qxc2 Qc8 19. Qb1 b5 $2 {[%emt 0:10:42] Loses the game.} (19... Re8 $11 {and Black is okay.}) 20. Ba3 $18 Rd8 (20... Qd8 $142 21. Rc1 bxa4) 21. Rc1 Qb7 {[%emt 0:00:20] [#] ...b4 is the strong threat.} 22. Bb4 {[%emt 0:00:26] This bishop pair is nice.} Qb6 23. Bxa5 Qxa5 24. Nc6 $1 Qb6 (24... Qc7 {was worth a try.} 25. Nxd8 Qxd8 26. axb5 Bxb5) 25. a5 Qc7 26. Nxd8 Qxd8 27. Qa1 Qb8 28. Qc3 {[%emt 0:00:30] White is clearly winning.} b4 29. Qc5 Bxe2 30. Qc7 Qxc7 31. Rxc7 {[%emt 0:00:30] Threatens to win with Bf1.} Kf8 32. Rxa7 Ke8 (32... Nb5 $142) 33. Bf1 Bd1 34. a6 Bxb3 {[%emt 0:00:30] [#]} 35. Rb7 $1 {[%emt 0:00:30][%mdl 512] Weighted Error Value: White=0.17 (very precise) /Black=0.61} 1-0